 Dungeon Crawl Stone Soup version 0.29-a0-857-g9b1aa3ac5b (webtiles) character file.

Game seed: 3884057975398647775

205 concernfroge the Trooper (level 5, -12/47 HPs)
             Began as a Mummy Monk on July 17, 2022.
             Mangled by a crimson imp
             ... wielding a +1 hand axe of electrocution
              (19 damage)
             ... on level 3 of the Dungeon.
             The game lasted 00:06:59 (2258 turns).

concernfroge the Trooper (Mummy Monk)               Turns: 2258, Time: 00:06:59

Health: -12/47     AC: 10    Str: 17    XL:     5   Next: 52%
Magic:  5/5        EV:  7    Int:  9    God:
Gold:   138        SH:  3    Dex: 14    Spells: 4/4 levels left

rFire   x . .      SeeInvis .   a - +1 hand axe (chaos)
rCold   + . .      Faith    .   f - +0 buckler
rNeg    + + +      Spirit   .   g - +0 chain mail
rPois   ∞          Reflect  .   (no helmet)
rElec   .          Harm     .   (no cloak)
rCorr   .          Rampage  .   (no gloves)
Will    .....                   d - +1 pair of boots
Stlth   ..........              (no amulet)
HPRegen 0.15/turn               (no ring)
MPRegen 0.09/turn               (no ring)

@: very slow
A: cold resistance 1, negative energy resistance 3, torment resistance 2, heat
vulnerability 1, in touch with death 1, no potions
a: no special abilities


You were on level 3 of the Dungeon.
You visited 1 branch of the dungeon, and saw 4 of its levels.

You collected 138 gold pieces.

Inventory:

Hand Weapons
 a - a +1 hand axe of chaos (weapon)
Armour
 d - a +1 pair of boots (worn)
 f - a +0 buckler (worn)
 g - a +0 chain mail (worn)
Scrolls
 c - a scroll of enchant weapon


   Skills:
 + Level 6.3 Fighting
 - Level 2.4 Axes
 - Level 2.4 Dodging
 - Level 1.5 Stealth


You had 4 spell levels left.
You didn't know any spells.
Your spell library was empty.

Dungeon Overview and Level Annotations

Branches:
Dungeon (4/15)
 Temple: D:4-7

Altars:
Ashenzari
Cheibriados
Fedhas
Kikubaaqudgha
Sif Muna
Xom

Shops:
D:1 =


Innate Abilities, Weirdness & Mutations

You are immune to poison.
Your flesh is cold resistant. (rC+)
You are immune to negative energy. (rN+++)
You are immune to unholy pain and torment.
You are vulnerable to heat. (rF-)
You are in touch with the powers of death.
You do not drink.


Message History

Found an escape hatch in the ceiling and an escape hatch in the floor.
The crimson imp blinks!
You barely miss the crimson imp.
The crimson imp hits you but does no damage.
You barely miss the crimson imp.
The crimson imp hits you but does no damage.
You hit the crimson imp.
The crimson imp is heavily wounded.
The crimson imp hits you with a +1 hand axe of electrocution!
You hit the crimson imp but do no damage.
The crimson imp is moderately wounded.
The crimson imp hits you with a +1 hand axe of electrocution.
You barely miss the crimson imp.
The crimson imp is moderately wounded.
You block the crimson imp's attack. x2
You barely miss the crimson imp.
The crimson imp is lightly wounded.
The crimson imp completely misses you.
You barely miss the crimson imp.
The crimson imp is lightly wounded.
The crimson imp blinks!
You enter the shallow water.
Moving in this stuff is going to be slow.
You closely miss the crimson imp.
The crimson imp hits you with a +1 hand axe of electrocution!
Your unstable footing causes you to fumble your attack.
The crimson imp hits you with a +1 hand axe of electrocution.
You are electrocuted!
* * * LOW HITPOINT WARNING * * *
The crimson imp hits you with a +1 hand axe of electrocution.
* * * LOW HITPOINT WARNING * * *
You are too injured to fight recklessly!
As you read the scroll labelled FOPSUIMOMU, it crumbles to dust.
The creatures around you are filled with an inner flame!
It was a scroll of immolation.
The crimson imp barely misses you. The crimson imp barely misses you.
The crimson imp hits you with a +1 hand axe of electrocution.
* * * LOW HITPOINT WARNING * * *
You are electrocuted!!
You die...

#....#$=(#..# ##..≈≈≈≈≈≈≈,,,,*
.....#####..# #..≈≈≈≈≈≈≈≈≈,,,**
............###.≈≈≈≈≈≈≈≈≈≈≈,,,*
..#.........##..≈≈≈≈P.≈≈≈≈,,,*
^.###.......###.@≈≈≈≈≈≈≈≈≈≈,,,*
###..>...........≈≈≈≈≈≈≈≈≈,,***
..).##########....≈≈≈≈≈≈≈,,**
##### ####...≈≈≈.,,**
*##.....*** *#####*


You could see a crimson imp (inner flame).

Vanquished Creatures
  3 crimson imps (D:3)
  Terence (D:3)
  3 adders (D:3)
  A worm (D:3)
  A dart slug (D:3)
  4 orcs (D:3)
  4 endoplasms
  A giant cockroach (D:3)
  4 goblins
  3 hobgoblins
  4 jackals (D:1)
  A quokka (D:2)
  4 ball pythons
  5 bats
  3 frilled lizards
  4 kobolds
  2 rats (D:2)
48 creatures vanquished.

Vanquished Creatures (others)
  A plant (D:3)
1 creature vanquished.

Grand Total: 49 creatures vanquished

Notes
Turn   | Place    | Note
-------+----------+-------------------------------------------
     0 | D:1      | concernfroge the Mummy Monk began the quest for the Orb.
     0 | D:1      | Reached XP level 1. HP: 18/18 MP: 1/1
     1 | D:1      | Found a broken altar of Ashenzari.
   208 | D:1      | Found Koekayf's Jewellery Shoppe.
   233 | D:1      | Reached XP level 2. HP: 18/24 MP: 2/2
  1007 | D:2      | Reached skill level 4 in Fighting
  1085 | D:2      | Found a faded altar of an unknown god.
  1287 | D:2      | Gained mutation: You are in touch with the powers of death.
                  | [Mummy growth]
  1287 | D:2      | Reached XP level 3. HP: 30/30 MP: 3/3
  1667 | D:3      | Found a shimmering altar of Xom.
  1677 | D:4      | Noticed a phantom
  1710 | D:3      | Reached skill level 5 in Fighting
  1710 | D:3      | Reached XP level 4. HP: 32/39 MP: 4/4
  1736 | D:3      | Found a snail-covered altar of Cheibriados.
  1909 | D:3      | Found an ancient bone altar of Kikubaaqudgha.
  2114 | D:3      | Noticed Terence
  2116 | D:3      | Reached XP level 5. HP: 45/46 MP: 5/5
  2132 | D:3      | Killed Terence
  2133 | D:3      | Reached skill level 6 in Fighting
  2180 | D:3      | Found a shimmering blue altar of Sif Muna.
  2244 | D:3      | Found a blossoming altar of Fedhas.
  2258 | D:3      | Mangled by a crimson imp

Illustrated notes

Levels and vault maps discovered:
D:1:      sevenhm_arrival_forest_fort_small_6, layout_basic, serial_shops,
          nicolae_diamond_shop
D:2:      layout_loops_ring, shapermc_ecumenical_altar_totnotflames
D:3:      minmay_spotlight, layout_basic, led_xom_imps,
          mainiacjoe_overflow_big_doors, fedhas_ov_isle_minmay,
          mainiacjoe_overflow_concentric_impassable, serial_glass,
          glass_columns_a, glass_columns_b, due_unseen_surprise,
          minmay_strange_pillars, uniq_terence
D:4:      layout_rooms, mainiacjoe_overflow_24_doors

Skill      XL: |  1  2  3  4  5 |
---------------+----------------+-----
Fighting       | 4 5 6 |  6.3
Axes           | |  2.4
Dodging        | |  2.4
Stealth        | |  1.5

Action                   |  1- 3 |  4- 6 || total
-------------------------+-------+-------++-------
Melee: Hand axe          |   109 |    80 ||   189
       Punch             |     1 |       ||     1
  Use: Scroll            |     4 |     2 ||     6
 Stab: Sleeping          |     1 |       ||     1
       Petrifying        |       |     3 ||     3
       Petrified         |       |     1 ||     1
Armor: Leather armour    |    11 |       ||    11
       Ring mail         |    41 |    16 ||    57
       Chain mail        |       |     9 ||     9
Dodge: Dodged            |    98 |    31 ||   129
Block: Buckler           |    14 |    12 ||    26

Table legend: (Time is in decaauts)
 A = Elapsed time spent in this place.
 B = Non-inter-level travel time spent in this place.
 C = Inter-level travel time spent in this place.
 D = Time resting spent in this place.
 E = Time spent auto-exploring this place.
 F = Levels seen in this place.
 G = Mean time per level.
                   A        B        C        D        E       F      G
               +--------+--------+--------+--------+--------+-----+--------+
         Total |   2299 |   2254 |     45 |    156 |   1619 |   4 |  574.8 |
       Dungeon |   2299 |   2254 |     45 |    156 |   1619 |   4 |  574.8 |
               +--------+--------+--------+--------+--------+-----+--------+

Top non-repeatable levels by time:
     D:2: 842 daAuts
     D:1: 813 daAuts
     D:3: 639 daAuts
     D:4: 4 daAuts
